AoeStats
← GreatPerson25

Four Lakes

508313279Analyzed
1v1 RM · 9d ago on Sep 21, 2026· 38m 51s· 2 players
Game mode
Random Map
Map size
Tiny (2 player)
Population
200
Speed
Normal
Resources
Standard
Victory
Conquest
Starting age
Dark Age
Ending age
Imperial Age
RankedLock teamsTeams togetherTeam positionsShared explorationLock speedFull tech treeHidden civsTurbo modeCheats
Victory
Defeat
🇨🇱 Persians · Chile
1667
+15
🇺🇸 Persians · United States
1642
-15
GreatPerson25
6:03 Loom
10:14 Feudal Age
12:08 Double-Bit Axe
18:59 Castle Age
17:17 Forging
19:53 Medium Warships
20:04 Bow Saw
22:37 Iron Casting
23:36 Careening
23:11 Horse Collar
24:36 Fishing Lines
26:00 Gillnets
28:46 Scale Barding Armor
28:59 Gold Mining
29:10 Heavy Plow
29:48 Wheelbarrow
29:34 Bloodlines
30:52 Town Watch
36:10 Imperial Age
34:41 Husbandry
35:32 Light Cavalry
36:50 Chain Barding Armor
35:56 Cavalier
37:47 Chemistry
Fito
6:27 Loom
9:10 Feudal Age
9:34 Double-Bit Axe
18:47 Forging
22:35 Castle Age
21:14 Fishing Lines
22:07 Fletching
23:04 Gillnets
23:11 Bodkin Arrow
25:18 Medium Warships
26:06 Gold Mining
27:19 Bow Saw
30:26 Wheelbarrow
29:59 Scale Barding Armor
29:52 Horse Collar
30:50 Bloodlines
31:53 Chain Barding Armor
32:54 Town Watch
36:10 Imperial Age
34:36 Iron Casting
35:08 Ballistics
36:16 Husbandry
37:31 Chemistry
35:57 Cavalier
37:39 Plate Barding Armor
36:30 Heavy Camel Rider
38:41 Blast Furnace
38:30 Conscription
Connection lost

Rejoining the realm…

Still unreachable

The connection could not be restored.

Session expired

The server has moved on; the page needs a fresh start.